Map: [ESL] Stargazers

Players

Astrea

  • Race: Protoss Protoss
  • League: Grandmaster
  • Spawn Location: 11:00

NightMare - Winner!

  • Race: Protoss Protoss
  • League: Master
  • Spawn Location: 1:00

Event: TSL 9

VOD

Have the link to the VOD?

Description

Time

  • Played on: July 29, 2022, 9:18 a.m.
  • Length: 7:23

All games in this series

Show
View Real Time Build Order
Export as new Build Order

Astrea Protoss 

Build Orders:  

Get SALT Encoding   

  12  0:00  Probe  
  13  0:12  Probe  
  14  0:24  Probe  
  15  0:31  Pylon  
  15  0:50  Gateway  
  15  0:51  Gateway  
  15  0:58  Forge  
  15  1:00  Probe  
  16  1:12  Probe  
  17  1:30  Pylon  
  17  1:31  Pylon  
  17  1:35  Zealot (Chrono Boost)  
  17  1:36  Zealot (Chrono Boost)  
  21  1:48  Photon Cannon  
  21  1:57  Zealot (Chrono Boost)  
  21  2:00  Zealot (Chrono Boost)  
  25  2:12  Photon Cannon  
  25  2:15  Photon Cannon  
  25  2:21  Photon Cannon  
  25  2:30  Zealot (Chrono Boost)  
  25  2:34  Probe  
  26  2:37  Zealot  
  28  2:47  Probe  
  29  2:56  Zealot (Chrono Boost)  
  33  3:18  Zealot (Chrono Boost)  
  33  3:20  Zealot (Chrono Boost)  
  35  3:31  Probe  
  35  3:32  Photon Cannon  
  34  3:35  Photon Cannon  
  34  3:38  Zealot  
  34  3:47  Photon Cannon  
  34  3:48  Photon Cannon  
  28  4:00  Zealot  
  28  4:10  Zealot  
  28  4:13  Photon Cannon  
  26  4:19  Photon Cannon  
  26  4:21  Probe  
  24  4:27  Zealot  
  27  4:41  Zealot  
  28  4:56  Probe  
  28  4:58  Zealot (Chrono Boost)  
  29  5:08  Zealot (Chrono Boost)  
  29  5:10  Probe  
  32  5:21  Pylon  
  32  5:24  Pylon  
  32  5:41  Cybernetics Core  
  32  5:42  Zealot x2, Probe  
  37  5:53  Nexus, Pylon  
  37  5:54  Assimilator  
  37  5:56  Assimilator  
  37  5:59  Probe  
  38  6:12  Probe  
  33  6:25  Shield Battery  
  33  6:31  Probe  
  27  6:43  Probe  
  19  6:56  Probe  
  18  7:08  Probe  
Show
View Real Time Build Order
Export as new Build Order

NightMare Protoss - Winner!

Build Orders:  

Get SALT Encoding   

  12  0:00  Probe  
  13  0:12  Probe  
  14  0:17  Pylon  
  14  0:24  Probe (Chrono Boost)  
  16  0:36  Probe (Chrono Boost)  
  16  0:37  Gateway  
  16  0:41  Probe (Chrono Boost)  
  16  0:46  Assimilator  
  17  0:53  Probe (Chrono Boost)  
  18  0:57  Assimilator  
  18  1:05  Probe (Chrono Boost)  
  18  1:10  Gateway  
  19  1:22  Forge  
  19  1:25  Zealot  
  21  1:38  Pylon  
  21  1:51  Cybernetics Core  
  21  1:55  Photon Cannon  
  21  1:58  Photon Cannon, Probe  
  22  2:10  Probe  
  22  2:14  Assimilator  
  21  2:18  Assimilator  
  21  2:22  Probe  
  22  2:29  Shield Battery  
  22  2:39  Stalker (Chrono Boost)  
  22  2:40  Shield Battery  
  23  2:51  Warp Gate  
  23  2:52  Gateway  
  22  3:06  Probe  
  23  3:18  Pylon  
  23  3:24  Robotics Facility  
  23  3:39  Stalker  
  25  3:43  Probe  
  25  3:44  Shield Battery  
  26  3:48  Pylon  
  26  3:54  Photon Cannon  
  26  3:56  Probe  
  24  4:25  Immortal (Chrono Boost)  
  28  4:35  Pylon  
  28  4:38  Probe  
  29  4:48  Pylon  
  29  4:50  Probe  
  30  5:05  Warp Prism (Chrono Boost)  
  30  5:19  Adept  
  32  5:23  Probe  
  33  5:38  Observer  
  34  5:43  Nexus  
  35  5:59  Gateway  
  34  6:09  Gateway  
  34  6:14  Probe  
  35  6:26  Probe  
  36  6:33  Stalker  
  36  6:38  Probe  
  39  6:43  Immortal  
  43  6:50  Probe  
  44  7:02  Probe  
  45  7:10  Probe  
Tags
 
Add a new tag
Caveats
  • Supply blocks, unpowered buildings, or Contaminate may cause inaccurate times.
  • Supply counts are checked every 10 seconds.